 Dungeon Crawl Stone Soup version 0.32-a0-913-g739538afd8 (webtiles) character file.

Game seed: 913198587721661214

5686 scarr the Thaumaturge (level 10, 0/81 HPs)
             Began as a Grey Draconian Necromancer on Apr 9, 2024.
             Was an Elder of Vehumet.
             Slain by a black mamba (shapeshifter) (7 damage)
             ... on level 9 of the Dungeon.
             The game lasted 00:15:25 (10041 turns).

scarr the Thaumaturge (Grey Draconian Necromancer) Turns: 10041, Time: 00:15:25

Health: 0/81       AC: 15    Str: 13    XL:     10   Next: 47%
Magic:  17/22      EV: 12    Int: 18    God:    Vehumet [****..]
Gold:   593        SH:  0    Dex: 11    Spells: 16/25 levels left

rFire   . . .        o - +8 hammer of Gasir {elec, ^Fragile rPois rN+ Will+ rCorr}
rCold   . . .        (no shield)
rNeg    + . .        (body armour unavailable)
rPois   +            (helmet restricted)
rElec   .            i - +0 cloak
rCorr   +            q - +0 pair of gloves
SInv    .            n - +0 pair of boots
Will    +....        (no amulet)
Stlth   ++           (no ring)
HPRegen 0.33/turn    (no ring)
MPRegen 0.18/turn

%: no passive effects
@: slowed, very slow
A: mud breath, mud-swimmer, AC +12, amphibious, unfitting armour, cold-blooded
a: Mud Breath, Renounce Religion


You were on level 9 of the Dungeon.
You worshipped Vehumet.
Vehumet was greatly pleased with you.
You visited 1 branch of the dungeon, and saw 9 of its levels.

You collected 608 gold pieces.
You spent 15 gold pieces at shops.

Inventory:

Hand Weapons
 o - the +8 hammer of Gasir (weapon) {elec, ^Fragile rPois rN+ Will+ rCorr}
   (You found it on level 3 of the Dungeon)

   rPois:     It protects you from poison.
   rN+:       It protects you from negative energy.
   Will+:     It increases your willpower.
   rCorr:     It protects you from acid and corrosion.
   ^Fragile:  It will be destroyed if unequipped.
Missiles
 l - 2 datura-tipped darts
 w - 10 boomerangs
Armour
 i - a +0 cloak (worn)
 n - a +0 pair of boots (worn)
 q - a +0 pair of gloves (worn)
Talismans
 r - a maw talisman
 x - the granite talisman "Sani" {rC+ Str+3 Dex+3}
   (You found it on level 8 of the Dungeon)

   [granite talisman]

   Str+3:     It affects your strength (+3).
   Dex+3:     It affects your dexterity (+3).
   rC+:       It protects you from cold.
Wands
 p - a wand of flame (23)
 v - a wand of acid (14)
 z - a wand of charming (4)
Scrolls
 d - 5 scrolls of teleportation
 e - a scroll of vulnerability
 h - a scroll of enchant weapon {unknown}
 j - a scroll of fear {unknown}
 k - a scroll of brand weapon
 t - 2 scrolls of enchant armour {unknown}
 u - 2 scrolls of revelation
 y - a scroll of acquirement {unknown}
Potions
 a - a potion of magic
 b - 5 potions of lignification
 f - a potion of haste {unknown}
 g - 2 potions of might
 m - a potion of curing {unknown}
 s - 2 potions of enlightenment


   Skills:
 - Level 5.2 Fighting
 + Level 7.1 Maces & Flails
 + Level 5.2 Dodging
 - Level 1.7 Stealth
 + Level 8.0 Spellcasting
 - Level 3.0 Conjurations
 - Level 5.0 Necromancy
 - Level 4.0 Fire Magic
 - Level 5.0 Earth Magic
 + Level 2.5 Alchemy
 + Level 1.9 Shapeshifting


You had 16 spell levels left.
You knew the following spells:

 Your Spells              Type           Power      Damage    Failure   Level
a - Necrotise             Necr           100%       1d9       1%          1
b - Vampiric Draining     Necr           25%        2d7       3%          3
c - Scorch                Fire           42%        2d6       1%          2
d - Mephitic Cloud        Conj/Alch/Air  13%        N/A       4%          3

Your spell library contained the following spells:

 Spells                   Type           Power      Damage    Failure   Level
 Brom's Barrelling Bould  Conj/Erth      21%        2d4       5%          4
 Flame Wave               Conj/Fire      19%        2d7       6%          4
 Animate Dead             Necr           25%        N/A       12%         4
 Curse of Agony           Necr           25%        N/A       34%         5
 Summon Cactus Giant      Summ           3%         N/A       100%        6
 Haunt                    Necr/Summ      8%         N/A       100%        7
 Infestation              Necr           12%        N/A       100%        8


Dungeon Overview and Level Annotations

Branches:
Dungeon (9/15)             Temple (0/1) D:4
   Lair: D:8-11         Orc: D:9-12

Altars:
Ashenzari
Cheibriados
Dithmenos
Fedhas
Hepliaklqana
Kikubaaqudgha
Makhleb
Nemelex Xobeh
Uskayaw
Vehumet
Xom
Yredelemnul
Zin
The Shining One

Shops:
D:5 *

Annotations:
D:4 3 runed translucent doors, GiantSquids's ghost, amateur MDFi


Innate Abilities, Weirdness & Mutations

You can breathe torrents of mud.
You are unimpeded by mud.
Your dull iron-grey scales are very hard. (AC +12)
You are amphibious.
You cannot fit into any form of body armour.
You are cold-blooded and may be slowed by cold attacks.


Message History

The hornet misses you.
The ribbon worm bites you but does no damage.
Unknown command.
You closely miss the hornet.
The hornet is almost dead.
The hornet barely misses you. The ribbon worm barely misses you.
The hornet misses you.
Unknown command.
You hit the hornet but do no damage.
The hornet is almost dead.
The hornet stings you but does no damage.
The ribbon worm barely misses you.
You hit the hornet. You tail-slap the hornet.
The hornet is almost dead.
The hornet stings you.
You suddenly lose the ability to move!
The hornet completely misses you.
The ribbon worm bites you but does no damage.
The hornet stings you but does no damage. x2
You can move again.
You hit the hornet.
The hornet is almost dead.
The ribbon worm changes into a black mamba!
The hornet stings you but does no damage.
Unknown command.
Unknown command.
You closely miss the hornet.
The hornet is almost dead.
The hornet stings you!
* * * LOW HITPOINT WARNING * * *
You feel yourself slow down. The black mamba bites you.
* * * LOW HITPOINT WARNING * * *
The hornet stings you!
* * * LOW HITPOINT WARNING * * *
Unknown command.
You feel much better. The black mamba closely misses you.
The hornet stings you!
* * * LOW HITPOINT WARNING * * *
You feel as though you will be slow longer.
The black mamba bites you!
You die...

.. . #### .##
###..##..# .#
##..##.##.# ..
#.#####.#.# #
.# #.#..##.#.#
.# y
##y##.##..##.#
#.
#..#@#.###....#
#y#####S##.
#....# #.##[y##
.##.#### #
#yw### ##..# .#
#### ##...#
###. #....#
##... #....#
#..# #.##.###.#
#. #.....#


You could see a black mamba shaped shifter, a hornet and a vampire mosquito.

Vanquished Creatures
  An unseen horror simulacrum (D:9)
  8 yaks
  2 steam dragons
  Duvessa (D:6)
  2 water moccasins
  2 ice beasts
  4 orc warriors
  3 sky beasts
  3 black bears
  An ogre (D:5)
  2 centaurs (D:7)
  2 kobold brigands
  Blork the orc (D:6)
  2 bullfrogs
  4 scorpions
  11 wights
  Dowan (D:6)
  3 electric eels (D:7)
  7 hounds
  4 bombardier beetles
  5 orc priests
  4 jellies
  Crazy Yiuf (D:3)
  2 sleepcaps
  Ijyb (D:4)
  3 iguanas
  5 orc wizards
  Robin (D:1)
  6 adders
  3 shadow imps
  6 dart slugs
  2 ribbon worms
  28 orcs
  6 bats (D:1)
  11 endoplasms
  3 giant cockroaches
  13 goblins
  7 hobgoblins
  9 jackals
  19 kobolds
  A quokka (D:1)
  7 ball pythons
  2 frilled lizards
  7 rats
216 creatures vanquished.

Vanquished Creatures (collateral kills)
  2 adders
  A hobgoblin (D:1)
  A goblin (D:1)
4 creatures vanquished.

Vanquished Creatures (others)
  A kobold brigand (D:8)
  2 orcs (D:8)
3 creatures vanquished.

Grand Total: 223 creatures vanquished

Notes
Turn   | Place    | Note
-------+----------+-------------------------------------------
     0 | D:1      | scarr the Draconian Necromancer began the quest for the
                  | Orb.
     0 | D:1      | Reached XP level 1. HP: 14/14 MP: 3/3
   228 | D:1      | Reached XP level 2. HP: 20/20 MP: 0/5
  1026 | D:1      | Reached XP level 3. HP: 26/26 MP: 5/7
  1523 | D:1      | Learned a level 3 spell: Vampiric Draining
  1569 | D:2      | Reached skill level 3 in Spellcasting
  1685 | D:2      | Reached XP level 4. HP: 24/33 MP: 5/8
  1741 | D:2      | Noticed Robin
  2091 | D:1      | Killed Robin
  2092 | D:1      | Reached skill level 5 in Necromancy
  2386 | D:2      | Found a faded altar of an unknown god.
  2456 | D:2      | Prayed at the altar of an unknown god.
  2456 | D:2      | Became a worshipper of Vehumet
  2456 | D:2      | Reached * piety under Vehumet
  2456 | D:2      | Offered knowledge of Freeze by Vehumet.
  2802 | D:3      | Found a shadowy altar of Dithmenos.
  2914 | D:3      | Found a sparkling altar of Nemelex Xobeh.
  3034 | D:3      | Found a runed translucent door.
  3035 | D:3      | Identified the +8 hammer of Gasir {elec, ^Fragile rPois rN+
                  | Will+ rCorr}
  3035 | D:3      | Noticed Crazy Yiuf
  3045 | D:3      | Killed Crazy Yiuf
  3046 | D:3      | Reached skill level 4 in Spellcasting
  3046 | D:3      | Reached XP level 5. HP: 16/38 MP: 3/11
  3578 | D:4      | Reached skill level 1 in Maces & Flails
  3623 | D:4      | Found a staircase to the Ecumenical Temple.
  3637 | D:4      | Reached XP level 6. HP: 41/45 MP: 4/12
  3969 | D:4      | Found a runed translucent gate.
  3969 | D:4      | Found a runed translucent gate.
  3969 | D:4      | Found a runed translucent gate.
  4201 | D:4      | Reached skill level 5 in Spellcasting
  4204 | D:4      | Reached ** piety under Vehumet
  4314 | D:4      | Noticed Ijyb
  4329 | D:4      | Your scales start taking on a dull iron-grey colour.
  4329 | D:4      | Reached XP level 7. HP: 47/50 MP: 12/15
  4332 | D:4      | Killed Ijyb
  4565 | D:4      | Found a glowing silver altar of Zin.
  4590 | D:4      | Noticed GiantSquids's ghost (amateur MDFi)
  4621 | D:4      | Offered knowledge of Scorch by Vehumet.
  4800 | D:5      | Entered Level 5 of the Dungeon
  4817 | D:5      | Reached skill level 6 in Spellcasting
  4824 | D:5      | Reached skill level 5 in Maces & Flails
  4881 | D:5      | Reached skill level 1 in Fighting
  4947 | D:5      | Learned a level 2 spell: Scorch
  5124 | D:5      | Reached XP level 8. HP: 59/59 MP: 13/17
  5162 | D:5      | Found Ucvuiren's General Store.
  5183 | D:5      | Bought a scroll of noise for 15 gold pieces
  5231 | D:5      | Found a basalt altar of Yredelemnul.
  5520 | D:5      | Reached skill level 1 in Fire Magic
  5761 | D:5      | Found a hazy altar of Hepliaklqana.
  6232 | D:6      | Offered knowledge of Inner Flame by Vehumet.
  6239 | D:6      | Noticed Blork the orc
  6246 | D:6      | Killed Blork the orc
  6443 | D:6      | Noticed Duvessa
  6446 | D:6      | Noticed Dowan
  6462 | D:6      | Killed Duvessa
  6463 | D:6      | Reached skill level 1 in Earth Magic
  6480 | D:6      | Killed Dowan
  6609 | D:6      | Reached *** piety under Vehumet
  6619 | D:6      | Identified the +0 leather armour of the Grue {rN++ Int+6}
  6883 | D:6      | Found a snail-covered altar of Cheibriados.
  6888 | D:6      | Reached skill level 7 in Spellcasting
  6888 | D:6      | Reached skill level 1 in Conjurations
  6888 | D:6      | Reached XP level 9. HP: 70/70 MP: 19/19
  6896 | D:6      | Offered knowledge of Mephitic Cloud by Vehumet.
  7999 | D:7      | Found a broken altar of Ashenzari.
  8039 | D:7      | Reached **** piety under Vehumet
  8391 | D:7      | Found a blossoming altar of Fedhas.
  8442 | D:7      | Found an ancient bone altar of Kikubaaqudgha.
  8443 | D:7      | Found a radiant altar of Vehumet.
  8473 | D:7      | Found a burning altar of Makhleb.
  8639 | D:7      | Found a hide-covered altar of Uskayaw.
  8640 | D:7      | Found a glowing golden altar of the Shining One.
  8784 | D:8      | Learned a level 3 spell: Mephitic Cloud
  8895 | D:8      | Offered knowledge of Brom's Barrelling Boulder by Vehumet.
  8978 | D:8      | Reached skill level 5 in Fighting
  9053 | D:8      | Reached XP level 10. HP: 41/81 MP: 10/21
  9413 | D:8      | Reached skill level 1 in Alchemy
  9422 | D:8      | Identified the granite talisman "Sani" {rC+ Str+3 Dex+3}
  9577 | D:8      | Reached skill level 5 in Earth Magic
  9581 | D:8      | Reached skill level 1 in Shapeshifting
  9586 | D:8      | Reached skill level 5 in Dodging
  9737 | D:8      | Found a shimmering altar of Xom.
  9976 | D:9      | Reached skill level 8 in Spellcasting
 10010 | D:9      | Noticed a meliai
 10037 | D:9      | Paralysed by a hornet for 2 turns
 10039 | D:9      | a ribbon worm changed into a black mamba
 10039 | D:9      | Noticed a black mamba (shapeshifter)
 10040 | D:9      | HP: 4/81 [hornet (8)]
 10041 | D:9      | Slain by a black mamba (shapeshifter)

Illustrated notes

Levels and vault maps discovered:
D:1:      lemuel_arrival_hallway, layout_basic, serial_curves, eino_curves_02,
          eino_curves_02, eino_curves_03, eino_curves_02, grunt_decor_arrowhead,
          chequers_avenue, grunt_decor_clamped, minmay_distorted
D:2:      layout_rooms, chequers_ecumenical_altar_simple, serial_park_tiny_1,
          uniq_robin
D:3:      layout_basic, nicolae_dithmenos_the_darkroom,
          nemelex_spade_bored_becter, minmay_strange_pillars,
          uniq_crazy_yiuf_cottage
D:4:      cheibrodos_fertilizer, layout_basic, zin_scriptorium,
          minmay_temple_entry_proselytizer, gammafunk_ghost_icy, uniq_ijyb
D:5:      layout_layer_cave, mainiacjoe_overflow_catwalk,
          nzn_hepliaklqana_mist_gate, serial_shops, nicolae_shop_statue_plus,
          hellmonk_no_cap
D:6:      layout_basic, mainiacjoe_overflow_brackets, nrook_loot_triangle,
          grunt_ministairs_4, nicolae_fountain_basement, uniq_blork_the_orc,
          uniq_duvessa
D:7:      layout_basic, lemuel_coloured_pillars_altar,
          nicolae_overflow_two_pavilions, makhleb_blood_cavern_becter,
          ashenzari_altar_1, gammafunk_temple_overflow_pools,
          nicolae_eternal_life
D:8:      layout_basic, xom_confusion_cloud, serial_park_tiny_2
D:9:      minmay_the_grid_octo_tiled_squarecenter
          [minmay_the_grid_octo_fan_narrow, minmay_the_grid_octo_empty,
          minmay_the_grid_octo_checkerflower, minmay_the_grid_octo_chip,
          minmay_the_grid_square_5x5_megaprize_open,
          minmay_the_grid_square_5x5_bracketed, minmay_the_grid_square_5x5_six,
          minmay_the_grid_square_5x5_tri_point,
          minmay_the_grid_square_5x5_doubleslash], layout_loops_ring,
          nicolae_ru_the_path_less_chosen, nzn_wu_jian_council_hall,
          minmay_misc_feat_diagonals, uniq_psyche, uniq_erolcha

Skill      XL: |  1  2  3  4  5  6  7  8  9 10 |
---------------+-------------------------------+-----
Spellcasting   | 3 4 5 6 7 8 |  8.0
Necromancy     | 5 |  5.0
Maces & Flails | 2 3 5 6 7 |  7.1
Fighting       | 1 3 5 |  5.2
Dodging        | 2 3 4 5 |  5.2
Fire Magic     | 2 4 |  4.0
Earth Magic    | 2 4 5 |  5.0
Conjurations   | 1 3 |  3.0
Alchemy        | 2 |  2.5
Shapeshifting  | 1 |  1.9
Stealth        | |  1.7

Action                     |  1- 3 |  4- 6 |  7- 9 | 10-12 || total
---------------------------+-------+-------+-------+-------++-------
  Melee: Whip              |    67 |     7 |       |       ||    74
         Tailslap          |     8 |     4 |    30 |    10 ||    52
         Dagger            |       |    34 |       |       ||    34
         Mace              |       |    23 |   239 |    70 ||   332
   Cast: Necrotise         |    52 |    80 |    35 |       ||   167
         Vampiric Draining |       |     4 |    23 |     8 ||    35
         Scorch            |       |       |    36 |     5 ||    41
         Mephitic Cloud    |       |       |     3 |     6 ||     9
    Use: Scroll            |       |     2 |     6 |     2 ||    10
         Potion            |       |       |       |     1 ||     1
   Stab: Sleeping          |     1 |       |     3 |       ||     4
         Confused          |       |       |       |     3 ||     3
 Armour: Skin              |    59 |   109 |   218 |    84 ||   470
  Dodge: Dodged            |    77 |    64 |   193 |    64 ||   398

Table legend: (Time is in decaauts)
 A = Elapsed time spent in this place.
 B = Non-inter-level travel time spent in this place.
 C = Inter-level travel time spent in this place.
 D = Time resting spent in this place.
 E = Time spent auto-exploring this place.
 F = Levels seen in this place.
 G = Mean time per level.
                   A        B        C        D        E       F      G
               +--------+--------+--------+--------+--------+-----+--------+
         Total |  10089 |   9865 |    224 |   2021 |   6185 |   9 | 1121.0 |
       Dungeon |  10089 |   9865 |    224 |   2021 |   6185 |   9 | 1121.0 |
               +--------+--------+--------+--------+--------+-----+--------+

Top non-repeatable levels by time:
     D:1: 1954 daAuts
     D:7: 1462 daAuts
     D:5: 1433 daAuts
     D:4: 1242 daAuts
     D:8: 1148 daAuts
     D:6: 1088 daAuts
     D:3: 953 daAuts
     D:2: 665 daAuts
     D:9: 140 daAuts
